Map: Acropolis LE

Players

Cham - Winner!

  • Race: Zerg Zerg
  • League: Master
  • Spawn Location: 5:00

TIME (Oliveira)

  • Race: Terran Terran
  • League: Master
  • Spawn Location: 11:00

Event: NationWars 2019

VOD

Have the link to the VOD?

Description

Time

  • Played on: Nov. 17, 2019, 11:06 a.m.
  • Length: 18:47

All games in this series

Show
View Real Time Build Order
Export as new Build Order

Cham Zerg - Winner!

Build Orders: Hatch First, Muta Ling Bane 

Get SALT Encoding   

  12  0:02  Drone  
  13  0:08  Drone  
  14  0:16  Overlord  
  14  0:35  Drone x2  
  16  0:47  Hatchery  
  15  0:51  Drone  
  15  0:55  Drone  
  17  0:58  Drone  
  18  1:09  Extractor  
  17  1:12  Spawning Pool  
  17  1:16  Drone  
  17  1:19  Drone  
  18  1:28  Drone  
  19  1:41  Drone  
  20  1:51  Drone  
  21  1:59  Queen x2  
  21  2:00  Zergling x2  
  21  2:01  Zergling x2  
  27  2:14  Hatchery  
  26  2:19  Overlord  
  26  2:25  Drone x2  
  28  2:31  Metabolic Boost  
  28  2:39  Drone x3  
  28  2:42  Drone  
  32  2:44  Overlord  
  32  2:52  Queen  
  32  2:57  Overlord  
  34  2:59  Drone  
  34  3:04  Drone  
  36  3:07  Drone x3  
  36  3:10  Drone  
  36  3:11  Drone  
  42  3:12  Drone  
  42  3:17  Overlord  
  42  3:20  Drone x2  
  42  3:25  Queen  
  46  3:31  Queen  
  48  3:36  Drone x2  
  48  3:37  Zergling x2  
  48  3:38  Zergling x2  
  48  3:39  Zergling x2  
  48  3:41  Zergling x2  
  54  3:45  Zergling x4  
  54  3:47  Drone  
  54  3:48  Drone  
  58  3:53  Drone x3  
  58  3:54  Drone  
  62  3:58  Queen  
  62  4:02  Overlord  
  64  4:03  Drone  
  65  4:13  Drone  
  65  4:14  Lair  
  66  4:17  Extractor x2, Queen  
  66  4:20  Overlord  
  66  4:26  Overlord  
  66  4:33  Overlord  
  66  4:38  Baneling Nest  
  66  4:40  Drone x9  
  66  4:45  Drone x4  
  77  4:50  Overlord  
  77  4:51  Drone x3  
  81  4:53  Drone  
  81  4:58  Drone  
  83  5:00  Drone x3  
  83  5:02  Spore Crawler  
  83  5:03  Overlord  
  85  5:08  Spore Crawler  
  85  5:09  Spore Crawler, Extractor, Overlord  
  85  5:10  Extractor  
  81  5:18  Drone x2, Spire  
  81  5:21  Overlord  
  82  5:22  Drone  
  82  5:35  Drone x8  
  87  5:45  Drone, Overlord  
  87  5:46  Drone x2  
  78  5:58  Hatchery  
  78  5:59  Drone x7  
  78  6:06  Extractor  
  78  6:07  Drone x3  
  80  6:16  Zergling x4  
  80  6:18  Evolution Chamber  
  81  6:21  Evolution Chamber  
  81  6:23  Overlord  
  81  6:25  Centrifical Hooks  
  80  6:33  Mutalisk x5  
  80  6:35  Mutalisk  
  92  6:41  Overlord  
  92  6:42  Zergling x2  
  92  6:43  Drone x3  
  92  6:44  Overlord  
  92  6:45  Drone  
  97  6:48  Zerg Melee Weapons Level 1, Zergling x2  
  97  6:50  Overlord  
  97  6:51  Zergling x2  
  97  6:54  Zergling x2, Zerg Ground Armor Level 1  
  100  6:56  Overlord  
  100  7:02  Zergling x2, Baneling  
  100  7:03  Baneling x4  
  100  7:05  Zergling x6  
  104  7:09  Overlord  
  104  7:10  Zergling x4  
  104  7:13  Drone  
  104  7:15  Drone x6  
  109  7:20  Overlord  
  109  7:21  Drone x2  
  115  7:33  Mutalisk x5  
  115  7:35  Overlord x2  
  115  7:36  Drone x2  
  127  7:38  Drone  
  127  7:44  Zergling x6  
  130  7:47  Mutalisk  
  130  7:50  Overlord  
  133  7:52  Zergling x2  
  133  7:55  Drone, Hatchery, Overlord  
  133  7:56  Drone  
  133  7:58  Overlord  
  135  8:01  Extractor  
  135  8:02  Extractor  
  135  8:05  Overlord  
  133  8:06  Drone x2, Zergling x2, Overlord  
  133  8:09  Mutalisk x2  
  140  8:14  Mutalisk x3  
  140  8:15  Zergling x4, Overlord  
  140  8:17  Zergling x4  
  150  8:26  Mutalisk x3  
  152  8:29  Zergling x2, Overlord  
  152  8:32  Overlord  
  157  8:34  Overlord  
  157  8:37  Zergling x2, Overlord  
  157  8:39  Overlord  
  157  8:40  Drone x2  
  160  8:43  Zerg Flyer Weapons Level 1  
  160  8:44  Overlord  
  160  8:45  Zergling x2  
  160  8:46  Zergling x12  
  160  8:47  Baneling x3  
  160  8:48  Baneling x2  
  167  8:49  Baneling  
  167  8:50  Zergling x2  
  168  8:59  Zergling x2  
  168  9:00  Zergling x6  
  172  9:05  Zergling x2  
  172  9:06  Zergling x10  
  172  9:07  Overlord  
  172  9:09  Baneling x6  
  178  9:10  Zerg Ground Armor Level 2, Zerg Melee Weapons Level 2  
  178  9:13  Overlord  
  178  9:16  Zergling x2  
  175  9:35  Mutalisk x3  
  175  9:36  Zergling x22  
  192  9:38  Overlord  
  192  9:42  Baneling x7  
  192  9:43  Baneling x6  
  192  9:44  Zergling x6  
  195  9:47  Infestation Pit  
  195  9:49  Zergling x4  
  195  9:51  Overlord  
  195  9:52  Zergling x2  
  197  9:53  Zergling x2  
  189  10:08  Zergling x12  
  166  10:18  Mutalisk x9  
  166  10:19  Zergling x6  
  163  10:22  Zergling x2  
  163  10:23  Zergling x14  
  163  10:25  Mutalisk  
  173  10:32  Queen  
  173  10:35  Drone x2  
  177  10:36  Drone x2  
  177  10:37  Baneling x3  
  177  10:38  Baneling x9  
  177  10:39  Zergling x2  
  177  10:41  Hatchery  
  179  10:47  Zergling x10  
  182  10:51  Zergling x6  
  182  10:52  Baneling x5  
  182  10:53  Baneling x6  
  182  10:56  Hive  
  185  10:57  Zergling x4  
  185  10:58  Drone  
  185  11:01  Zergling x2  
  189  11:06  Zergling x16  
  197  11:11  Zergling x4  
  197  11:13  Zergling x2  
  199  11:18  Zergling x4  
  199  11:21  Baneling x10  
  198  11:25  Zergling x2  
  198  11:26  Zergling x2  
  198  11:29  Zergling x2  
  199  11:37  Extractor  
  198  11:42  Drone x2, Extractor  
  198  11:43  Baneling  
  199  11:52  Zergling x2  
  199  11:53  Overlord  
  200  12:11  Adrenal Glands  
  200  12:13  Zerg Melee Weapons Level 3, Zerg Ground Armor Level 3, Ultralisk Cavern  
  143  12:36  Zergling x16  
  144  12:37  Zergling x8  
  144  12:38  Zergling x42  
  144  12:42  Zerg Flyer Armor Level 1  
  169  12:50  Zergling x14  
  169  12:51  Zergling x8, Baneling  
  180  12:52  Baneling x5  
  180  12:54  Drone  
  181  13:04  Drone x2, Zergling x2  
  181  13:05  Chitinous Plating  
  184  13:07  Ultralisk x2  
  184  13:12  Overlord  
  196  13:14  Overlord  
  196  13:26  Baneling x21  
  196  13:43  Corruptor x2  
  200  13:50  Overseer  
  200  14:06  Spore Crawler, Spine Crawler  
  198  14:12  Baneling x4  
  198  14:13  Baneling x2  
  198  14:17  Hatchery  
  198  14:24  Anabolic Synthesis  
  188  14:32  Ultralisk x2  
  188  14:37  Zerg Flyer Armor Level 2  
  199  14:57  Zerg Missile Weapons Level 1  
  198  15:24  Baneling  
  198  15:25  Baneling x10  
  198  15:26  Drone x2  
  200  15:41  Spire  
  199  15:43  Nydus Network  
  199  15:44  Pneumatized Carapace  
  198  15:56  Zergling x2  
  199  15:57  Zergling x8  
  199  15:59  Baneling x13  
  132  16:19  Ultralisk x4  
  132  16:20  Zergling x4, Ultralisk x2  
  132  16:21  Zergling x54  
  132  16:23  Zergling x12  
  132  16:24  Zergling x26  
  199  16:35  Baneling x10  
  199  16:39  Hatchery  
  198  16:41  Baneling x3  
  198  16:42  Baneling x24  
  198  16:43  Zergling x2  
  199  17:05  Baneling x2  
  199  17:09  Overseer  
  185  17:27  Zergling x34  
  185  17:28  Zergling x2  
  169  17:32  Zergling x2  
  169  17:33  Zergling x54  
  169  17:34  Zergling x2  
  184  17:40  Corruptor  
  184  17:43  Corruptor  
  182  17:46  Corruptor  
  182  17:47  Corruptor x6  
  182  17:49  Zergling x2  
  182  17:50  Zergling x6  
  182  17:51  Zergling x2  
  194  17:57  Zergling x4  
  184  17:59  Corruptor x2  
  184  18:01  Ultralisk x2  
  184  18:03  Baneling x4  
  184  18:04  Baneling x17  
  199  18:08  Baneling  
  199  18:09  Baneling x12  
  199  18:16  Nydus Canal  
  199  18:19  Baneling x7  
  199  18:20  Baneling x4  
  199  18:24  Baneling x4  
Show
View Real Time Build Order
Export as new Build Order

TIME Terran 

Build Orders: Reaper Expand 

Get SALT Encoding   

  12  0:01  SCV  
  13  0:13  SCV  
  14  0:17  Supply Depot  
  14  0:25  SCV  
  15  0:39  SCV  
  15  0:41  Barracks  
  16  0:45  Refinery  
  16  0:51  SCV  
  17  1:03  SCV  
  18  1:16  SCV  
  19  1:28  Reaper  
  19  1:29  Orbital Command  
  20  1:40  Command Center  
  20  1:54  Supply Depot  
  20  1:55  SCV  
  20  2:00  Marine  
  22  2:07  SCV  
  23  2:10  Factory  
  23  2:12  Refinery  
  23  2:19  SCV  
  24  2:23  Barracks Reactor  
  24  2:31  SCV  
  25  2:45  SCV  
  26  2:58  Starport  
  26  2:59  SCV, Orbital Command  
  27  3:13  SCV  
  27  3:17  Hellion x2  
  27  3:18  Marine  
  33  3:25  SCV x2  
  35  3:30  Supply Depot  
  35  3:36  Viking  
  35  3:38  SCV x2, Hellion  
  35  3:39  Hellion  
  35  3:41  Barracks Tech Lab  
  43  3:50  SCV  
  43  3:51  SCV  
  43  3:55  Supply Depot  
  45  3:57  Supply Depot  
  45  4:00  Hellion x2  
  49  4:03  SCV  
  49  4:06  SCV, Medivac  
  53  4:15  SCV  
  54  4:18  SCV  
  54  4:19  Armory  
  54  4:21  Supply Depot  
  54  4:23  Hellion x2  
  59  4:27  SCV  
  59  4:30  SCV  
  61  4:34  Stimpack  
  61  4:41  SCV  
  61  4:42  SCV, Command Center  
  61  4:43  Starport Reactor  
  63  4:48  Marine  
  64  4:53  SCV  
  64  4:54  Factory Tech Lab  
  64  4:56  Barracks  
  64  4:58  SCV  
  66  5:01  Supply Depot  
  66  5:02  Barracks  
  66  5:06  SCV, Marine  
  68  5:20  Siege Tank  
  71  5:28  SCV  
  72  5:29  Marine  
  72  5:32  Engineering Bay, SCV  
  72  5:33  Engineering Bay, Supply Depot  
  72  5:34  Refinery  
  74  5:41  SCV  
  70  5:48  SCV  
  67  5:50  Refinery  
  67  5:52  Siege Tank  
  67  5:53  Marine x2  
  67  5:54  SCV  
  69  5:58  Marine  
  69  6:00  SCV  
  69  6:03  Terran Infantry Weapons Level 1  
  63  6:05  Orbital Command  
  63  6:06  SCV  
  63  6:08  Starport Reactor, Marine x2  
  63  6:10  Terran Infantry Armor Level 1  
  66  6:14  Barracks  
  66  6:15  SCV, Marine  
  66  6:16  Barracks  
  66  6:18  Marine x2  
  70  6:24  SCV, Siege Tank  
  70  6:25  Missile Turret  
  74  6:26  Missile Turret  
  74  6:27  Missile Turret, SCV  
  74  6:28  Marine  
  74  6:29  Marine  
  74  6:32  Combat Shield  
  77  6:34  Orbital Command  
  77  6:36  SCV  
  77  6:37  Marine  
  77  6:39  Marine x2  
  81  6:41  SCV  
  81  6:45  Medivac  
  81  6:46  Medivac  
  86  6:48  SCV  
  87  6:55  Supply Depot, Marine x2  
  87  6:56  Supply Depot, Siege Tank  
  87  6:57  Marine  
  87  6:58  SCV  
  87  7:00  SCV x2  
  96  7:04  Barracks Reactor x2  
  96  7:10  SCV  
  96  7:11  Marine  
  96  7:12  SCV x2, Refinery  
  96  7:13  Refinery  
  100  7:20  Supply Depot, Medivac  
  100  7:21  Supply Depot, Medivac  
  105  7:22  SCV  
  105  7:24  SCV  
  105  7:25  Marine  
  105  7:26  Marine  
  105  7:28  SCV  
  108  7:35  Marine  
  108  7:36  SCV  
  108  7:37  SCV  
  108  7:39  Marine  
  108  7:40  Factory Tech Lab, SCV  
  108  7:42  Marine  
  108  7:43  Marine  
  108  7:45  Marine  
  108  7:48  SCV  
  108  7:49  SCV  
  108  7:51  Marine x2  
  110  7:55  Terran Vehicle And Ship Armor Level 1  
  110  7:57  Supply Depot, Marine x3  
  114  7:59  Marine  
  114  8:00  SCV x2  
  114  8:01  SCV, Reaper  
  114  8:02  Command Center  
  114  8:04  Siege Tank, Marine x2  
  124  8:07  Factory  
  124  8:08  Marine  
  124  8:09  Marine  
  124  8:12  SCV  
  126  8:13  SCV  
  126  8:14  SCV, Marine  
  126  8:15  Marine x2  
  126  8:19  Marine  
  129  8:21  Supply Depot x2  
  129  8:22  Marine x2  
  129  8:24  SCV  
  129  8:25  SCV, Terran Infantry Weapons Level 2  
  129  8:26  Marine x2  
  135  8:31  Terran Infantry Armor Level 2  
  135  8:32  Marine x2  
  135  8:33  Marine x2  
  138  8:38  Siege Tank, Marine  
  138  8:40  SCV  
  143  8:42  SCV  
  143  8:47  Marine  
  143  8:48  Marine x3  
  148  8:50  Missile Turret, Marine x2  
  148  8:51  Marine  
  148  8:52  Supply Depot  
  148  8:53  Factory Tech Lab  
  148  8:55  Marine  
  150  8:58  Marine  
  148  9:04  SCV  
  148  9:06  Marine  
  148  9:09  Supply Depot x2, Marine x2  
  151  9:10  Marine x4  
  151  9:13  Marine  
  151  9:15  Medivac  
  159  9:29  Thor  
  159  9:30  Thor, Marine  
  171  9:34  Marine x3  
  171  9:36  Marine x4  
  171  9:38  Marine  
  171  9:41  Planetary Fortress  
  172  9:47  Missile Turret  
  172  9:50  Medivac x2  
  176  9:57  Marine  
  174  10:04  Marine  
  174  10:05  Marine x2  
  174  10:06  Marine x5  
  160  10:17  Marine  
  160  10:19  Siege Tank x2  
  140  10:21  Marine  
  140  10:22  Marine  
  140  10:23  Marine x2  
  140  10:24  Command Center, Marine x2  
  140  10:25  Barracks  
  140  10:26  Barracks  
  140  10:27  Barracks, Medivac x2  
  140  10:28  Marine x2, Sensor Tower  
  150  10:31  Terran Vehicle And Ship Armor Level 2  
  150  10:35  SCV x2, Marine  
  155  10:36  SCV  
  155  10:39  Marine  
  155  10:40  Marine  
  155  10:41  Marine x3  
  155  10:42  Terran Infantry Weapons Level 3, Marine  
  161  10:49  Marine  
  161  10:51  Marine  
  161  10:53  Marine  
  161  10:56  Siege Tank  
  166  10:58  Refinery x2, Marine x2  
  166  11:04  Siege Tank, Marine  
  168  11:07  Marine x3  
  175  11:12  Marine  
  175  11:16  Marine  
  175  11:17  Terran Infantry Armor Level 3, Marine x2  
  165  11:18  Barracks Tech Lab  
  165  11:20  SCV  
  165  11:27  Refinery  
  165  11:28  Barracks, Missile Turret, Marine  
  165  11:29  Marine  
  165  11:31  Barracks Tech Lab  
  165  11:32  Marine x2  
  159  11:37  Marine  
  159  11:38  Barracks Tech Lab  
  159  11:39  Marine x3  
  162  11:41  Siege Tank x2  
  162  11:46  Marine  
  162  11:47  Marine x3  
  170  11:51  Medivac  
  170  11:53  Marine  
  176  11:57  Marine  
  177  12:01  Marine x2  
  177  12:02  Marauder  
  177  12:03  Marine  
  177  12:05  Marine  
  182  12:09  SCV x2  
  182  12:10  SCV  
  185  12:16  Marine x2  
  185  12:21  Marine  
  173  12:25  Marine  
  173  12:26  Siege Tank, Marine x2  
  173  12:27  Marine x2  
  173  12:28  Marauder x2, Marine x2  
  143  12:34  Marine x2  
  143  12:36  SCV  
  142  12:38  Siege Tank  
  142  12:39  Missile Turret, Marine  
  142  12:40  Missile Turret  
  142  12:43  Marine x2  
  148  12:44  Planetary Fortress  
  148  12:46  Marauder x2  
  148  12:48  Marine x2  
  148  12:49  Marauder  
  148  12:50  Marauder, Concussive Shells  
  148  12:51  Medivac x2  
  162  12:53  SCV  
  162  12:56  Missile Turret  
  162  12:58  Missile Turret, Marine x2  
  163  12:59  Marine x2  
  163  13:03  Siege Tank  
  170  13:07  Marauder x2  
  170  13:11  Marauder  
  170  13:12  Thor  
  182  13:13  Marine  
  182  13:15  Marine x2  
  182  13:16  Marauder  
  187  13:23  Marine  
  187  13:26  Supply Depot x2  
  188  13:29  Ghost Academy, Marauder  
  188  13:32  Marine  
  191  13:34  Marine x2  
  191  13:35  Marine x2  
  191  13:40  Marine  
  195  13:44  Marine  
  195  13:47  Siege Tank, Marine  
  199  13:49  Medivac x2  
  199  13:51  Supply Depot  
  195  13:57  Command Center  
  195  14:03  Ghost  
  195  14:04  Missile Turret x2  
  195  14:05  Missile Turret  
  197  14:10  Missile Turret  
  197  14:21  Neosteel Armor, Hi-Sec Auto Tracking  
  197  14:22  Sensor Tower  
  197  14:23  Terran Ship Weapons Level 1  
  197  14:27  SCV x2  
  192  14:31  Ghost x3  
  192  14:38  Ghost  
  198  14:43  Personal Cloaking  
  190  14:55  Refinery  
  190  14:56  Refinery  
  190  15:00  Ghost x3  
  190  15:04  Command Center  
  193  15:09  Planetary Fortress  
  193  15:16  Ghost  
  193  15:17  Missile Turret  
  193  15:18  Missile Turret  
  195  15:28  Ghost  
  195  15:32  Missile Turret  
  196  15:37  Ghost x2  
  200  15:43  Missile Turret  
  200  15:44  Missile Turret  
  200  15:48  Drilling Claws  
  200  16:07  Liberator  
  200  16:08  Liberator  
  200  16:09  Nuke  
  187  16:16  Ghost  
  144  16:19  Marauder x2, Marine x3  
  144  16:21  Ghost  
  144  16:23  Siege Tank, Marine x3  
  144  16:24  Marine x2  
  157  16:33  Widow Mine  
  157  16:36  Marine  
  157  16:37  Marine  
  161  16:40  Ghost  
  161  16:41  Ghost Academy, Marauder  
  161  16:45  Marine  
  166  16:51  Marine  
  166  16:52  Marine  
  166  16:53  Command Center  
  167  17:02  Marine  
  167  17:05  Marauder, Marine x3  
  167  17:07  Widow Mine x2  
  177  17:12  Marine  
  177  17:14  Marine  
  177  17:15  Marauder  
  178  17:28  Widow Mine  
  135  17:32  Marauder x2, Marine x3  
  135  17:35  Marine x2  
  135  17:36  Marauder  
  137  17:37  Orbital Command  
  137  17:40  Marine  
  137  17:43  Marine x2  
  137  17:44  Marauder  
  126  17:49  Marine  
  115  17:52  Marine x2  
  115  17:54  Marauder  
  115  17:56  Marauder, Marine x2  
  110  17:58  Marine  
  110  18:04  Marauder, Marine x2  
  115  18:10  Marine  
  115  18:11  Marauder  
  116  18:18  Marine x2  
  116  18:19  Marine  
  123  18:22  Marine x2  
Tags
 
Add a new tag
Caveats
  • Supply blocks, unpowered buildings, or Contaminate may cause inaccurate times.
  • Supply counts are checked every 10 seconds.